 Dungeon Crawl Stone Soup version 0.28-a0-773-g130ae17fe5 (webtiles) character file.

Game seed: 8701729390209669574

261 ytrimaz the Ducker (level 5, -9/42 HPs)
             Began as a Demonspawn Gladiator on Nov 1, 2021.
             Was a Believer of Jiyva.
             Mangled by Menkaure (19 damage)
             ... on level 4 of the Dungeon.
             The game lasted 00:04:44 (3610 turns).

ytrimaz the Ducker (Demonspawn Gladiator)           Turns: 3610, Time: 00:04:45

Health: -9/42      AC:  5    Str: 13    XL:     5   Next: 96%
Magic:  3/5        EV: 13    Int: 10    God:    Jiyva [**....]
Gold:   61         SH:  0    Dex: 16    Spells: 4/4 levels left

rFire   . . .      SeeInvis .   b - +1 dagger (flame)
rCold   . . .      Faith    .   (no shield)
rNeg    . . .      Spirit   .   e - +2 robe {Will+}
rPois   .          Reflect  .   k - +1 hat {Stlth+}
rElec   .          Harm     .   (no cloak)
rCorr   .          Rampage  .   (no gloves)
Will    ++...                   (no boots)
Stlth   ++........              (no amulet)
HPRegen 0.14/turn               g - ring of willpower
MPRegen 0.09/turn               (no ring)

@: no status effects
A: horns 1, powered by death 2
a: Renounce Religion, Request Jelly


You were on level 4 of the Dungeon.
You worshipped Jiyva.
Jiyva was pleased with you.
You visited 1 branch of the dungeon, and saw 5 of its levels.

You collected 61 gold pieces.

Inventory:

Hand Weapons
 b - a +1 dagger of flaming (weapon)
Missiles
 d - 3 throwing nets (quivered)
Armour
 e - a +2 robe of willpower (worn)
 k - a +1 hat of stealth (worn)
Jewellery
 g - a ring of willpower (left hand)
Scrolls
 c - 2 scrolls of fog {unknown}
 h - a scroll of summoning
 i - 2 scrolls of identify
 l - a scroll of noise
Potions
 a - a potion of heal wounds {unknown}
 f - a potion of might {unknown}
 j - a potion of ambrosia {unknown}


   Skills:
 * Level 3.8 Fighting
 - Level 2.7 Short Blades
 - Level 1.7 Throwing
 * Level 3.3 Armour
 + Level 3.8 Dodging


You had 4 spell levels left.
You didn't know any spells.
Your spell library was empty.

Dungeon Overview and Level Annotations

Branches:
Dungeon (5/15)
 Temple: D:4-7

Altars:
Wu Jian
Yredelemnul
Jiyva

Shops:
D:4 [

Annotations:
D:3 1 runed translucent door
D:4 Menkaure
D:5 Dowan, Duvessa, Sigmund


Innate Abilities, Weirdness & Mutations

You have a pair of small horns on your head.
You regenerate health from kills.


Message History

Sigmund screams, "You will never...
NEVER!!!"
Menkaure calls on the powers of darkness!
Dowan convulses!
Your body is wracked with pain!
The hound convulses!
Duvessa convulses!
Sigmund convulses!
The sky beast convulses!
The water moccasin convulses!
The scorpion convulses!
There is a stone staircase leading up here.
Unknown command.
The hound bites you but does no damage. Dowan hits you with a +0 dagger.
* * * LOW HITPOINT WARNING * * *
The sky beast flickers out of sight!
Deactivating autopickup; reactivate with Ctrl-A.
Something hits you.
* * * LOW HITPOINT WARNING * * *
Something shocks you.
* * * LOW HITPOINT WARNING * * *
The hound bites you.
* * * LOW HITPOINT WARNING * * *
You climb upwards.
Reactivating autopickup.
There is a stone staircase leading down here.
You swap places.
The sentinel's mark upon you fades away.
The jelly hits the hound but does no damage.
The hound bites the jelly.
The hound is burned by acid!
Menkaure hits the jelly!
Menkaure is burned by acid!
Something hits the jelly.
Something shocks the jelly.
The acid corrodes something!
Unknown command.
You feel better.
The hound bites the jelly.
The jelly dies!
You feel better. Menkaure hits you!
* * * LOW HITPOINT WARNING * * *
Unknown command.
Menkaure mumbles some strange words.
Menkaure seems to speed up.
Menkaure hits the jelly!
The jelly dies!
You swap places.
Menkaure blazes with dark energy!
Menkaure hits you!!
You die...

###...####.....................
##....##..#.##.#......>..####
##.....#...##...........#
####.....##.h##.........#
###.###....##.>##........##
#....###.....##..........#
#.....###..#.##.#.......##
##.....###...JM........##
#......###..@........##
##.....#....#........# ###
#.......#####......##
..#####......## ##..#.##
..............# ####.##
..##.###......## #..# ...#.#
##......# #..# .....# #......#
##.# ## .....# ##.....#
#.###.###


You could see Menkaure (fast) and a neutral jelly (wandering) (fellow slime).

Vanquished Creatures
  A scorpion (D:4)
  A howler monkey (D:4)
  A hound (D:4)
  Jessica (D:3)
  An orc wizard (D:4)
  3 adders
  A worm (D:4)
  2 dart slugs
  5 orcs
  An endoplasm (D:1)
  3 giant cockroaches
  5 goblins
  A hobgoblin (D:4)
  5 jackals (D:4)
  3 ball pythons (D:1)
  4 bats
  5 frilled lizards
  7 kobolds
  2 rats
52 creatures vanquished.

Vanquished Creatures (others)
  A centaur (D:5)
  7 jellies
  An orc priest (D:3)
  A hound (D:4)
  An adder (D:3)
  6 orcs
  A ball python (D:1)
  A giant cockroach (D:2)
  A goblin (D:2)
  A hobgoblin (D:2)
  5 jackals
  3 kobolds
  A bat (D:2)
  3 frilled lizards
  A kobold skeleton (D:3)
  30 plants (D:1)
64 creatures vanquished.

Grand Total: 116 creatures vanquished

Notes
Turn   | Place    | Note
-------+----------+-------------------------------------------
     0 | D:1      | ytrimaz the Demonspawn Gladiator began the quest for the
                  | Orb.
     0 | D:1      | Reached XP level 1. HP: 16/16 MP: 1/1
   298 | D:1      | Found a faded altar of an unknown god.
   335 | D:1      | Prayed at the altar of an unknown god.
   335 | D:1      | Became a worshipper of Jiyva Jeopeoty the Shapeless
   335 | D:1      | Reached * piety under Jiyva
   353 | D:1      | Gained mutation: You regenerate a little health from kills.
                  | [demonic ancestry]
   353 | D:1      | Reached XP level 2. HP: 22/22 MP: 2/2
   686 | D:1      | You fall into a shaft and drop 1 floor!
   712 | D:2      | Reached ** piety under Jiyva
  1427 | D:2      | Reached skill level 1 in Armour
  1594 | D:2      | Gained mutation: You regenerate health from kills. [demonic
                  | ancestry]
  1594 | D:2      | Reached XP level 3. HP: 28/28 MP: 3/3
  1852 | D:3      | Found an ornate altar of the Wu Jian Council.
  2294 | D:3      | Found a runed translucent door.
  2294 | D:3      | Noticed a human
  2319 | D:3      | Found a basalt altar of Yredelemnul.
  2443 | D:3      | Noticed Jessica
  2451 | D:3      | Killed Jessica
  2452 | D:3      | Reached XP level 4. HP: 30/35 MP: 4/4
  2549 | D:4      | Found Fylapsaj's Armour Shoppe.
  2913 | D:4      | Gained mutation: You have a pair of small horns on your
                  | head. [demonic ancestry]
  2913 | D:4      | Reached XP level 5. HP: 28/41 MP: 5/5
  3546 | D:5      | Entered Level 5 of the Dungeon
  3576 | D:5      | Noticed a sky beast
  3582 | D:5      | Noticed Sigmund
  3584 | D:5      | Killed a centaur
  3596 | D:5      | Noticed Menkaure
  3597 | D:5      | Noticed Duvessa
  3597 | D:5      | Noticed Dowan
  3597 | D:5      | Noticed a water moccasin
  3610 | D:4      | Mangled by Menkaure

Illustrated notes

Levels and vault maps discovered:
D:1:      lightli_arrival_farm, layout_basic, ebering_ecumenical_altar_box
D:2:      layout_rooms, nrook_campfire, minmay_misc_feat_roman
D:3:      layout_rooms, mainiacjoe_overflow_concentric_impassable,
          dk_yredelemnul_ordeal, corexii_item_surrounded_by_moat, uniq_jessica
D:4:      layout_cave_pods, serial_shops, shop, st_stairs_7, uniq_edmund
D:5:      layout_basic, mainiacjoe_overflow_brackets, lemuel_crystal_altar,
          minmay_temple_entry_hall, kennysheep_generic_room_14, uniq_sigmund,
          uniq_menkaure, uniq_duvessa

Skill      XL: |  1  2  3  4  5 |
---------------+----------------+-----
Dodging        | 3 |  3.8
Armour         | 1 2 3 |  3.3
Fighting       | 3 |  3.8
Short Blades   | |  2.7
Throwing       | |  1.7

Action                   |  1- 3 |  4- 6 || total
-------------------------+-------+-------++-------
Melee: Rapier            |   110 |       ||   110
       Dagger            |    12 |   104 ||   116
       Headbutt          |       |    10 ||    10
Invok: Request Jelly     |       |     2 ||     2
  Use: Scroll            |     3 |     2 ||     5
       Potion            |     1 |     2 ||     3
 Stab: Sleeping          |     1 |     1 ||     2
Armor: Leather armour    |    33 |       ||    33
       Robe              |     2 |    27 ||    29
Dodge: Dodged            |    80 |    49 ||   129

Table legend: (Time is in decaauts)
 A = Elapsed time spent in this place.
 B = Non-inter-level travel time spent in this place.
 C = Inter-level travel time spent in this place.
 D = Time resting spent in this place.
 E = Time spent auto-exploring this place.
 F = Levels seen in this place.
 G = Mean time per level.
                   A        B        C        D        E       F      G
               +--------+--------+--------+--------+--------+-----+--------+
         Total |   3615 |   3467 |    148 |    305 |   2482 |   5 |  723.0 |
       Dungeon |   3615 |   3467 |    148 |    305 |   2482 |   5 |  723.0 |
               +--------+--------+--------+--------+--------+-----+--------+

Top non-repeatable levels by time:
     D:1: 1351 daAuts
     D:4: 1054 daAuts
     D:3: 645 daAuts
     D:2: 509 daAuts
     D:5: 55 daAuts
